 Dungeon Crawl Stone Soup version 0.30-a0-310-g7d6cbdfea6 (webtiles) character file.

Game seed: 10323155553275302656

336 jlumianski the Chopper (level 6, 0/46 HPs)
             Began as a Demonspawn Gladiator on Oct 24, 2022.
             Was an Initiate of Qazlal.
             Slain by Menkaure (17 damage)
             ... on level 4 of the Dungeon.
             The game lasted 00:12:16 (2907 turns).

jlumianski the Chopper (Demonspawn Gladiator)       Turns: 2907, Time: 00:12:17

Health: 0/46       AC:  8    Str: 16    XL:     6   Next: 28%
Magic:  6/6        EV: 10    Int:  9    God:    Qazlal [......]
Gold:   142        SH:  4    Dex: 15    Spells: 5/5 levels left

rFire   . . .      SeeInvis .    a - +0 war axe
rCold   . . .      Faith    .    (no shield)
rNeg    . . .      Spirit   .    w - +0 scale mail
rPois   .          Reflect  .    c - +0 helmet
rElec   .          Harm     .    (no cloak)
rCorr   +          Rampage  .    (no gloves)
Will    .....                    u - +0 pair of boots
Stlth   ..........               (no amulet)
HPRegen 0.27/turn                m - ring of resist corrosion
MPRegen 0.10/turn                (no ring)

@: no status effects
A: condensation shield, weakness stinger 2
a: Renounce Religion


You were on level 4 of the Dungeon.
You worshipped Qazlal.
Qazlal was noncommittal.
You visited 2 branches of the dungeon, and saw 5 of its levels.

You collected 142 gold pieces.

Inventory:

Hand Weapons
 a - a +0 war axe (weapon)
 o - a +1 hand axe of electrocution
Missiles
 d - 3 throwing nets (quivered)
 e - 4 javelins
 r - 6 boomerangs
Armour
 b - a +0 leather armour
 c - a +0 helmet (worn)
 k - a +0 ring mail
 u - a +0 pair of boots (worn)
 w - a +0 scale mail (worn)
Jewellery
 h - a ring of ice
 m - a ring of resist corrosion (left hand)
Wands
 y - a wand of mindburst (8)
Scrolls
 g - 2 scrolls of teleportation {unknown}
 n - 2 scrolls of blinking {unknown}
 p - 2 scrolls of identify {unknown}
 q - a scroll of brand weapon {unknown}
 v - a scroll of enchant weapon {unknown}
 z - a scroll of butterflies {unknown}
 B - a scroll of vulnerability {unknown}
Potions
 f - 2 potions of flight {unknown}
 i - a potion of attraction {unknown}
 j - 3 potions of curing {unknown}
 l - 2 potions of heal wounds {unknown}
 s - a potion of brilliance {unknown}
 t - 2 potions of cancellation {unknown}
 x - a potion of magic {unknown}
 A - a potion of degeneration {unknown}


   Skills:
 + Level 2.8 Fighting
 + Level 4.7 Axes
 + Level 1.8 Throwing
 + Level 2.4 Armour
 + Level 3.5 Dodging
 + Level 0.2 Stealth
 + Level 1.0 Shields


You had 5 spell levels left.
You didn't know any spells.
Your spell library contained the following spells:

 Spells                   Type           Power      Damage    Failure   Level
 Summon Guardian Golem    Hex/Summ       0%         N/A       99%         3
 Vhi's Electric Charge    Tloc/Air       0%         N/A       99%         3
 Arcjolt                  Conj/Air       0%         1d10      100%        5
 Orb of Destruction       Conj           0%         9d5       100%        7
 Spellforged Servitor     Conj/Summ      0%         N/A       100%        7
 Maxwell's Capacitive Co  Air            0%         ∞         100%        8


Dungeon Overview and Level Annotations

Branches:
Dungeon (4/15)             Temple (1/1) D:4

Altars:
Ashenzari
Dithmenos
Fedhas
Hepliaklqana
Kikubaaqudgha
Nemelex Xobeh
Okawaru
Qazlal
Sif Muna
Trog
Wu Jian
Xom
Yredelemnul

Annotations:
D:4 Menkaure


Innate Abilities, Weirdness & Mutations

A meltable shield of frost defends you. (SH +4)
You have a tail ending in a sharp stinger.


Message History

Found an ancient bone altar of Kikubaaqudgha and a basalt altar of Yredelemnul.
A shadow imp comes into view.
Menkaure gestures wildly while chanting.
Menkaure seems to speed up.
Found a wand of flame (14).
The hound zombie completely misses you.
Found ice dragon scales.
The hound zombie barely misses you.
The hobgoblin shouts!
The hound zombie barely misses you.
There is a transporter here.
You closely miss the hound zombie. You tail-slap the hound zombie!
The hound zombie is moderately damaged.
The hound zombie bites you but does no damage.
Menkaure barely misses you.
You enter the transporter and appear at another place.
The hound zombie bites you but does no damage.
Menkaure completely misses you.
The hound zombie bites you but does no damage.
You hit Menkaure.
Your tail-slap misses Menkaure.
Menkaure is lightly damaged.
You completely miss the hound zombie. You block the hound zombie's attack.
Menkaure hits you!
You hit Menkaure.
You tail-slap Menkaure, but do no damage.
Menkaure is moderately damaged.
You closely miss the hound zombie. The hound zombie barely misses you.
Menkaure hits you. The hound zombie closely misses you.
Menkaure whispers, "Let me perform the rites..."
Menkaure hits you.
You hit Menkaure but do no damage.
Menkaure is moderately damaged.
You slash the hound zombie! The hound zombie bites you.
Menkaure points at you and mumbles some strange words.
Pain shoots through your body!
The hound zombie bites you but does no damage.
You hit Menkaure. You tail-slap Menkaure.
Menkaure is heavily damaged.
You barely miss the hound zombie. Menkaure hits you!
You block the hound zombie's attack. Menkaure hits you!
You die...

# #.#..##W..##..#.#
#.#
#.#..W..©.....#.#
...
#.#..##...##..#. #
....#..#8...8#..#.
#
.....#..##...##..#.
#
#....#...........#.
.
.....#.[$_:⌠=_$/.#.
.#.#.#############.
#.#......Z@.......
######M..######
#...## #..### #.#
#. # #.# ... #.#


You could see Menkaure (fast) and a hound zombie.

Vanquished Creatures
  A scorpion (D:4)
  An orc priest (D:4)
  A hound (D:4)
  Jessica (D:2)
  Natasha (D:2)
  An iguana (D:4)
  Robin (D:2)
  5 adders
  A worm (D:2)
  2 dart slugs (D:2)
  12 orcs
  4 ball pythons
  An endoplasm (D:2)
  A giant cockroach (D:1)
  5 goblins
  9 hobgoblins
  5 jackals
  2 quokkas
  2 bats
  2 frilled lizards (D:3)
  5 kobolds
  4 rats
67 creatures vanquished.

Vanquished Creatures (others)
  5 plants
5 creatures vanquished.

Grand Total: 72 creatures vanquished

Notes
Turn   | Place    | Note
-------+----------+-------------------------------------------
     0 | D:1      | jlumianski the Demonspawn Gladiator began the quest for the
                  | Orb.
     0 | D:1      | Reached XP level 1. HP: 16/16 MP: 1/1
   341 | D:1      | Gained mutation: A meltable shield of frost defends you.
                  | (SH +4) [demonic ancestry]
   341 | D:1      | Reached XP level 2. HP: 21/22 MP: 2/2
   367 | D:1      | Reached skill level 3 in Axes
   660 | D:2      | Noticed Robin
   669 | D:2      | Killed Robin
   670 | D:2      | Reached XP level 3. HP: 24/27 MP: 3/3
   709 | D:2      | Reached skill level 1 in Armour
   815 | D:2      | Noticed Jessica
   820 | D:2      | Killed Jessica
   821 | D:2      | Reached XP level 4. HP: 14/33 MP: 4/4
  1077 | D:2      | Noticed Natasha
  1515 | D:2      | Killed Natasha
  1823 | D:4      | Gained mutation: You have a small tail. [demonic ancestry]
  1823 | D:4      | Reached XP level 5. HP: 26/39 MP: 5/5
  2085 | D:3      | Reached skill level 4 in Axes
  2097 | D:3      | Found a shimmering blue altar of Sif Muna.
  2156 | D:3      | Found a shimmering altar of Xom.
  2162 | D:3      | Found a shadowy altar of Dithmenos.
  2162 | D:3      | Found an iron altar of Okawaru.
  2249 | D:3      | Found a bloodstained altar of Trog.
  2463 | D:3      | Found a faded altar of an unknown god.
  2530 | D:4      | Gained mutation: You have a tail ending in a sharp stinger.
                  | [demonic ancestry]
  2530 | D:4      | Reached XP level 6. HP: 36/46 MP: 6/6
  2680 | D:4      | Found a staircase to the Ecumenical Temple.
  2692 | Temple   | Entered the Ecumenical Temple
  2704 | Temple   | Became a worshipper of Qazlal Stormbringer
  2746 | D:4      | Reached skill level 1 in Shields
  2871 | D:4      | Found a transporter.
  2876 | D:4      | Found a transporter.
  2892 | D:4      | Noticed Menkaure
  2892 | D:4      | Found an ancient bone altar of Kikubaaqudgha.
  2892 | D:4      | Found a basalt altar of Yredelemnul.
  2907 | D:4      | Slain by Menkaure

Illustrated notes

Levels and vault maps discovered:
D:1:      matt_arrival_spirals, layout_rooms
D:2:      layout_loops_corners, serial_forest, infiniplex_forest_clump_small,
          infiniplex_forest_corner_2, infiniplex_forest_lined_corner,
          infiniplex_forest_clump_diagonal, infiniplex_forest_lined_3,
          infiniplex_forest_lined_2, infiniplex_forest_straight_3, uniq_robin,
          uniq_jessica, uniq_natasha
D:3:      layout_rooms, mainiacjoe_overflow_surrounded_room,
          trog_butcher_becter, grunt_temple_overflow_open,
          hellmonk_ecumenical_altar_defaced_shrine, skrybe_limestone_x
D:4:      layout_loops_corners, gammafunk_temple_of_torment,
          minmay_temple_entry_water_ring, eino_small_chamber_without_monster,
          serial_bayou_pond_c, minmay_misc_feat_hallway,
          minmay_manual_mandibuliform
Temple:   nicolae_temple_two_arcs

Skill      XL: |  1  2  3  4  5  6 |
---------------+-------------------+-----
Axes           | 3 4 |  4.7
Armour         | 1 2 |  2.4
Dodging        | 3 |  3.5
Shields        | 1 |  1.0
Fighting       | |  2.8
Throwing       | |  1.8
Stealth        | |  0.2

Action                   |  1- 3 |  4- 6 || total
-------------------------+-------+-------++-------
Melee: War axe           |    68 |   134 ||   202
       Punch             |     1 |     2 ||     3
       Tailslap          |       |    15 ||    15
Armor: Leather armour    |     5 |       ||     5
       Ring mail         |    23 |    17 ||    40
       Scale mail        |       |    36 ||    36
Dodge: Dodged            |    48 |    77 ||   125
Block: Other             |     7 |    29 ||    36

Table legend: (Time is in decaauts)
 A = Elapsed time spent in this place.
 B = Non-inter-level travel time spent in this place.
 C = Inter-level travel time spent in this place.
 D = Time resting spent in this place.
 E = Time spent auto-exploring this place.
 F = Levels seen in this place.
 G = Mean time per level.
                   A        B        C        D        E       F      G
               +--------+--------+--------+--------+--------+-----+--------+
         Total |   2977 |   2935 |     42 |    222 |   1574 |   5 |  595.4 |
       Dungeon |   2954 |   2912 |     42 |    222 |   1574 |   4 |  738.5 |
        Temple |     22 |     22 |      0 |      0 |      0 |   1 |   22.0 |
               +--------+--------+--------+--------+--------+-----+--------+

Top non-repeatable levels by time:
     D:2: 1174 daAuts
     D:3: 718 daAuts
     D:1: 627 daAuts
     D:4: 434 daAuts
  Temple: 22 daAuts
